 Dungeon Crawl Stone Soup version 0.28-a0-178-ga708605c5b (webtiles) character file.

Game seed: 7141197916234426356

8 Spaninq the Grasshopper (level 2, 26/26 HPs)
             Began as a Naga Warper on Aug 17, 2021.
             Was a Follower of Kikubaaqudgha.
             Quit the game on level 1 of the Dungeon.
             The game lasted 00:01:01 (308 turns).

Spaninq the Grasshopper (Naga Warper)                Turns: 308, Time: 00:01:01

Health: 26/26      AC:  2    Str: 13    XL:     2   Next: 8%
Magic:  5/5        EV:  9    Int: 13    God:    Kikubaaqudgha [*.....]
Gold:   0          SH:  0    Dex: 10    Spells: 5/5 levels left

rFire   . . .      SeeInvis +   a - +0 falchion
rCold   . . .      Faith    .   (no shield)
rNeg    . . .      Spirit   .   b - +0 leather armour
rPois   +          Reflect  .   (no helmet)
rElec   .          Harm     .   (no cloak)
rCorr   .          Rampage  .   (no gloves)
Will    .....                   (no barding)
Stlth   +.........              (no amulet)
HPRegen 0.08/turn               (no ring)
MPRegen 0.09/turn               (no ring)

@: very slow
A: AC +0, large, see invisible, deformed body, poison resistance, slowness 2,
spit poison 1, naga tail 1
a: Spit Poison, Renounce Religion, Receive Corpses


You were on level 1 of the Dungeon.
You worshipped Kikubaaqudgha.
Kikubaaqudgha was aware of your devotion.
You visited 1 branch of the dungeon, and saw 1 of its levels.

Inventory:

Hand Weapons
 a - a +0 falchion (weapon)
Missiles
 d - 5 boomerangs of dispersal (quivered)
Armour
 b - a +0 leather armour (worn)
Scrolls
 c - a scroll of blinking


   Skills:
 + Level 2.2 Fighting
 * Level 2.5 Long Blades
 - Level 0.8 Throwing
 - Level 0.7 Armour
 - Level 1.5 Dodging
 - Level 2.0 Spellcasting
 - Level 3.0 Translocations


You had 5 spell levels left.
You didn't know any spells.
Your spell library contained the following spells:

 Spells                   Type           Power      Damage    Failure   Level
 Blink                    Tloc           N/A        N/A       14%         2
 Gell's Gravitas          Tloc           4%         N/A       28%         3
 Lesser Beckoning         Tloc           4%         N/A       28%         3
 Teleport Other           Tloc           9%         N/A       28%         3
 Pain                     Necr           4%         1d4       32%         1
 Corpse Rot               Necr/Air       N/A        N/A       43%         2
 Sublimation of Blood     Necr           0%         N/A       43%         2
 Vampiric Draining        Necr           0%         2d6       67%         3
 Manifold Assault         Tloc           9%         N/A       95%         5


Dungeon Overview and Level Annotations

Branches:
Dungeon (1/15)

Altars:
Kikubaaqudgha


Innate Abilities, Weirdness & Mutations

Your serpentine skin is tough. (AC +0)
You have supernaturally acute eyesight. (SInv)
Armour fits poorly on your strangely shaped body.
Your system is resistant to poisons. (rPois)
You cover ground very slowly.
You can spit poison.
You have a snake-like lower body.


Message History

You have got your breath back.
You start resting.
HP restored.
You see here a +0 dagger.
You see here a ball python corpse.
A hobgoblin comes into view.
The hobgoblin shouts!
Press: ? - help, Shift-Dir - straight line, f - hobgoblin
Aim: a hobgoblin The splash of poison hits the hobgoblin!
You kill the hobgoblin!
You have got your breath back.
Found 22 stones.
A kobold comes into view. It is wielding a +0 dagger.
You hit the kobold.
The kobold is severely wounded.
The kobold hits you with a +0 dagger. x2
You hit the kobold.
You kill the kobold!
You have reached level 2!
A goblin comes into view. It is wielding a +0 dagger.
The goblin shouts!
Press: ? - help, Shift-Dir - straight line, f - goblin
Aim: a goblin, wielding a +0 dagger The splash of poison hits the goblin!
You kill the goblin!
Things that are here:
a +0 dagger; 4 stones; a kobold corpse
Found a short sword.
You see here a +0 dagger.
You have got your breath back.
Found a faded altar of an unknown god.
There is a faded altar of an unknown god here.
You cannot tell which god this altar belongs to.
Convert to them anyway?
Kikubaaqudgha accepts your prayer! Kikubaaqudgha welcomes you!
You can now receive cadavers from Kikubaaqudgha.
Kikubaaqudgha grants you a gift!
You add the spells Pain, Sublimation of Blood, Corpse Rot and Vampiric Draining to your library.
Are you sure you want to abandon this character and quit the game? (Confirm with "yes".)

# ##. #.#.. #.#.#
...#
##########.#######
#......(.........#
..#.#..##)#####.#
#.#.#.##)## #.#
#@#).....# #.#
#.#.#...#.# #.#
...#.#......# #.#
#........#.## #.#
###.#.####.# #.#
.....# #.# #.#
#.#.# #.#####.####
#.#.# #.....#.....
#.#.# #####.#####.


There were no monsters in sight!

Vanquished Creatures
  An endoplasm (D:1)
  2 goblins (D:1)
  2 hobgoblins (D:1)
  A ball python (D:1)
  A kobold (D:1)
7 creatures vanquished.

Notes
Turn   | Place    | Note
-------+----------+-------------------------------------------
     0 | D:1      | Spaninq the Naga Warper began the quest for the Orb.
     0 | D:1      | Reached XP level 1. HP: 19/19 MP: 3/3
   209 | D:1      | Reached XP level 2. HP: 20/26 MP: 5/5
   302 | D:1      | Found a faded altar of an unknown god.
   307 | D:1      | Became a worshipper of Kikubaaqudgha
   307 | D:1      | Reached * piety under Kikubaaqudgha
   307 | D:1      | Received a gift from Kikubaaqudgha
   308 | D:1      | Quit the game

Illustrated notes

Levels and vault maps discovered:
D:1:      tarquinn_simple_flora_water_a, layout_loops_ring,
          chequers_ecumenical_altar_simple_redux, minmay_pentomino_s4

Action                   || total
-------------------------++-------
Melee: Falchion          ||     7
 Abil: Spit Poison       ||     6
Dodge: Dodged            ||     2
       Rpst.: Falchion   ||     1

Table legend: (Time is in decaauts)
 A = Elapsed time spent in this place.
 B = Non-inter-level travel time spent in this place.
 C = Inter-level travel time spent in this place.
 D = Time resting spent in this place.
 E = Time spent auto-exploring this place.
 F = Levels seen in this place.
 G = Mean time per level.
                   A        B        C        D        E       F      G
               +--------+--------+--------+--------+--------+-----+--------+
         Total |    352 |    352 |      0 |    110 |    201 |   1 |  352.0 |
       Dungeon |    352 |    352 |      0 |    110 |    201 |   1 |  352.0 |
               +--------+--------+--------+--------+--------+-----+--------+

Top non-repeatable levels by time:
     D:1: 352 daAuts
